 Dungeon Crawl Stone Soup version 0.24-a0-778-g74da537585 (webtiles) character file.

Game seed: 8418412286267247701, levelgen mode: deterministic

46 MalarOregon the Magician (level 3, -1/26 HPs)
             Began as a Draconian Wizard on Oct 7, 2019.
             Slain by a worm (8 damage)
             ... on level 2 of the Dungeon.
             The game lasted 00:04:22 (1424 turns).

MalarOregon the Magician (Draconian Wizard)         Turns: 1424, Time: 00:04:23

Health: -1/26      AC:  5    Str:  9    XL:     3   Next: 46%
Magic:  0/8        EV: 12    Int: 19    God:
Gold:   22         SH:  0    Dex:  9    Spells: 4/9 levels left

rFire    . . .     SeeInvis .   i - +0 dagger
rCold    . . .     Gourm    .   (no shield)
rNeg     . . .     Faith    .   (armour unavailable)
rPois    .         Spirit   .   a - +0 hat
rElec    .         Reflect  .   (no cloak)
rCorr    .         Harm     .   (no gloves)
MR       .....                  (no boots)
Stlth    ++........             (no amulet)
HPRegen  0.08/turn              (no ring)
MPRegen  0.11/turn              (no ring)

@: no status effects
A: unfitting armour, cold-blooded, AC +5
a: no special abilities


You were on level 2 of the Dungeon.
You were hungry.

You visited 1 branch of the dungeon, and saw 2 of its levels.

You collected 22 gold pieces.

Inventory:

Hand Weapons
 i - a +0 dagger (weapon)
   (You took it off an orc wizard on level 1 of the Dungeon)
Armour
 a - a +0 hat (worn)
Scrolls
 c - a scroll of immolation {unknown}
 d - 3 scrolls of teleportation {unknown}
 g - 3 scrolls of identify {unknown}
Potions
 h - a potion of resistance {unknown}
Comestibles
 b - 5 chunks of flesh
 e - 2 rations {!d}


   Skills:
 - Level 1.7 Dodging
 - Level 1.7 Stealth
 + Level 3.5 Spellcasting
 + Level 2.2 Conjurations
 + Level 1.7 Summonings
 - Level 1.0 Translocations


You had 4 spell levels left.
You knew the following spells:

 Your Spells              Type           Power        Failure   Level  Hunger
a - Magic Dart            Conj           ##..         6%          1    None
b - Blink                 Tloc           N/A          14%         2    ##.....
x - Call Imp              Summ           ##......     11%         2    ##.....

Your spell library contained the following spells:

 Spells                   Type           Power        Failure   Level  Hunger
 Slow                     Hex            #.......     22%         2    ##.....
 Conjure Flame            Conj/Fire      #.......     26%         3    ###....
 Mephitic Cloud           Conj/Pois/Air  #.......     32%         3    ###....


Dungeon Overview and Level Annotations

Branches:
Dungeon (2/15)

Altars:
Ru
The Shining One


Innate Abilities, Weirdness & Mutations

Your plain brown scales are hard. (AC +5)
You cannot fit into any form of body armour.
You are cold-blooded and may be slowed by cold attacks.


Message History

The magic dart hits the worm.
You start resting.
The worm is too close now for your liking.
Aim: a worm (lightly wounded)
The magic dart hits the worm.
Aim: a worm (moderately wounded)
The magic dart hits the worm but does no damage.
Aim: a worm (lightly wounded)
The magic dart hits the worm.
Aim: a worm (moderately wounded)
The magic dart hits the worm but does no damage.
You hit the worm. The worm bites you but does no damage.
You hit the worm but do no damage.
You are feeling hungry.
You hit the worm but do no damage.
Your tail-slap misses the worm.
The worm bites you but does no damage.
You hit the worm. The worm barely misses you.
You hit the worm.
Your tail-slap misses the worm.
You hit the worm but do no damage. The worm bites you.
You hit the worm. You hit the worm. The worm bites you!
You hit the worm but do no damage. The worm bites you.
* * * LOW HITPOINT WARNING * * *
A beastly little devil appears in a puff of flame.
You swap places.
Your crimson imp hits the worm but does no damage.
The worm barely misses your crimson imp.
Your crimson imp hits the worm.
Your crimson imp hits the worm.
The worm bites your crimson imp.
Your crimson imp hits the worm.
The worm barely misses your crimson imp.
Your crimson imp barely misses the worm.
Your crimson imp barely misses the worm.
The worm bites your crimson imp.
Your crimson imp hits the worm but does no damage.
Your crimson imp blinks!
Aim: a worm (heavily wounded)
The magic dart hits the worm but does no damage.
You hit the worm. The worm bites you.
* * * LOW HITPOINT WARNING * * *
You hit the worm. You hit the worm. The worm bites you.
* * * LOW HITPOINT WARNING * * *
You hit the worm.
You tail-slap the worm, but do no damage.
You hit the worm. The worm bites you.
* * * LOW HITPOINT WARNING * * *
Your crimson imp hits the worm.
You hit the worm. The worm bites you!
You die...

###########
#.........#
#.#######.# #.# #.#
# ###.##### #.# #..
#.@.....# #.#
.....###w#.###.# #.#
....>.†5.#.###.###)#
##.#######.........#
#####(##### .# #.#
#.# #.# #.#
#####.#### #.#
#........# #.#


You could see a worm and a friendly crimson imp.

Vanquished Creatures
  An orc wizard (D:1)
  A leopard gecko (D:1)
  A ball python (D:1)
  3 giant cockroaches (D:1)
  4 goblins
  2 hobgoblins (D:1)
  3 kobolds
  2 bats
  4 frilled lizards
  A rat (D:2)
22 creatures vanquished.

Notes
Turn   | Place    | Note
-------+----------+-------------------------------------------
     0 | D:1      | MalarOregon the Draconian Wizard began the quest for the
                  | Orb.
     0 | D:1      | Reached XP level 1. HP: 14/14 MP: 4/4
   445 | D:1      | Found a glowing golden altar of the Shining One.
   449 | D:1      | Reached XP level 2. HP: 20/20 MP: 4/6
   453 | D:1      | Learned a level 2 spell: Blink
   456 | D:1      | Learned a level 2 spell: Call Imp
   886 | D:2      | Found a sacrificial altar of Ru.
   910 | D:1      | Reached XP level 3. HP: 8/26 MP: 0/8
  1424 | D:2      | Slain by a worm

Levels and vault maps discovered:
D:1:      dpeg_arrival_tiny_k, layout_basic, minmay_misc_feat_rows,
          tso_metal_star
D:2:      layout_loops_corners, chequers_temple_overflow_minitemple,
          nicolae_ru_great_annihilating_truth

Skill      XL: |  1  2 |
---------------+-------+-----
Conjurations   | 2 |  2.2
Dodging        | |  1.7
Stealth        | |  1.7
Spellcasting   | |  3.5
Summonings     | |  1.7
Translocations | |  1.0

Action                   || total
-------------------------++-------
Melee: Unarmed           ||     5
       Club              ||    34
       Tailslap          ||     7
       Dagger            ||    15
 Cast: Magic Dart        ||    48
       Call Imp          ||     2
  Eat: Chunk             ||     1
Armor: Skin              ||     9
Dodge: Dodged            ||    42

Table legend:
 A = Non-vault XP
 B = Vault XP
 C = Vault XP percentage of total XP
 D = Non-vault monster count
 E = Vault monster count
 F = Vault count percentage of total count
                 A         B        C        D         E       F
            +---------+---------+-------+---------+---------+-------
      Total |      35 |      32 |  47.8 |      21 |       1 |   4.5
            +---------+---------+-------+---------+---------+-------
        D:1 |      25 |      32 |  56.1 |      14 |       1 |   6.7
        D:2 |      10 |       0 |   0.0 |       7 |       0 |   0.0
            +---------+---------+-------+---------+---------+-------
